AoeStats
← pedrikistan

Hideout

508657491Analyzed
1v1 RM · 10d ago on Sep 23, 2026· 40m 5s· 2 players
Game mode
Random Map
Map size
Tiny (2 player)
Population
200
Speed
Normal
Resources
Standard
Victory
Conquest
Starting age
Dark Age
Ending age
Imperial Age
RankedLock teamsTeams togetherTeam positionsShared explorationLock speedFull tech treeHidden civsTurbo modeCheats
Victory
Defeat
🇩🇪 Saracens · Germany
1070
+17
🇦🇷 Jurchens · Argentina
1100
-17
7Marill
7:31 Loom
9:34 Feudal Age
11:55 Double-Bit Axe
12:46 Fletching
13:46 Loom
15:53 Padded Archer Armor
21:37 Castle Age
20:11 Horse Collar
21:49 Gold Mining
21:47 Crossbowman
22:24 Bodkin Arrow
22:27 Town Watch
24:05 Ballistics
26:20 Wheelbarrow
35:48 Imperial Age
34:16 Heavy Plow
34:54 Bow Saw
37:06 Bracer
37:15 Thumb Ring
39:26 Leather Archer Armor
pedrikistan
9:38 Feudal Age
13:29 Castle Age
12:14 Double-Bit Axe
13:27 Horse Collar
18:08 Loom
21:51 Bow Saw
29:47 Wheelbarrow
31:54 Scale Barding Armor
32:12 Town Watch
32:57 Chain Barding Armor
36:54 Imperial Age
35:13 Bloodlines
35:36 Hand Cart
36:35 Fortified Bastions
38:01 Conscription
37:42 Heavy Rocket Cart
39:38 Plate Barding Armor
38:26 Light Cavalry
40:29 Hoardings
Connection lost

Rejoining the realm…

Still unreachable

The connection could not be restored.

Session expired

The server has moved on; the page needs a fresh start.